 Dungeon Crawl Stone Soup version 0.30.0-5-g1a98f26d00 (webtiles) character file.

Game seed: 3104381676904343933

118 Leibowitz the Covered (level 4, -2/41 HPs)
             Began as a Minotaur Fighter on May 10, 2023.
             Slain by an ogre
             ... wielding a +0 giant club
              (10 damage)
             ... on level 3 of the Dungeon.
             The game lasted 00:04:53 (1949 turns).

Leibowitz the Covered (Minotaur Fighter)            Turns: 1949, Time: 00:04:53

Health: -2/41      AC: 10    Str: 22    XL:     4   Next: 72%
Magic:  3/3        EV:  7    Int:  5    God:
Gold:   99         SH:  8    Dex: 10    Spells: 3/3 levels left

rFire   . . .        a - +0 war axe
rCold   . . .        m - +0 kite shield
rNeg    . . .        f - +0 chain mail
rPois   .            (helmet restricted)
rElec   .            (no cloak)
rCorr   .            (no gloves)
SInv    .            n - +0 pair of boots
Will    .....        (no amulet) Stlth
                     (no ring)
HPRegen 0.26/turn    (no ring)
MPRegen 0.08/turn

%: no passive effects
@: no status effects
A: horns 2, retaliatory headbutt
a: no special abilities


You were on level 3 of the Dungeon.
You visited 1 branch of the dungeon, and saw 3 of its levels.

You collected 99 gold pieces.

Inventory:

Hand Weapons
 a - a +0 war axe (weapon)
Armour
 c - a +0 buckler
 f - a +0 chain mail (worn)
 m - a +0 kite shield (worn)
 n - a +0 pair of boots (worn)
Jewellery
 p - a ring of fire
Scrolls
 b - 3 scrolls of teleportation {unknown}
 e - 2 scrolls of identify {unknown}
 g - 3 scrolls of blinking {unknown}
 h - 3 scrolls of immolation {unknown}
 k - 2 scrolls of vulnerability {unknown}
 o - a scroll of noise {unknown}
Potions
 d - a potion of might
 i - a potion of degeneration {unknown}
 j - 2 potions of flight {unknown}
 l - 3 potions of heal wounds {unknown}
 q - a potion of attraction {unknown}
 r - a potion of berserk rage {unknown}
 s - a potion of cancellation {unknown}


   Skills:
 * Level 4.4 Fighting
 * Level 4.2 Axes
 * Level 4.4 Armour
 * Level 1.5 Dodging
 * Level 3.8 Shields


You had 3 spell levels left.
You didn't know any spells.
Your spell library contained the following spells:

 Spells                   Type           Power      Damage    Failure   Level
 Freeze                   Ice            0%         1d3       100%        1
 Frozen Ramparts          Ice            0%         1d1       100%        3
 Hailstorm                Conj/Ice       0%         3d3       100%        3
 Anguish                  Hex/Necr       0%         N/A       100%        4
 Cause Fear               Hex            0%         N/A       100%        4
 Enfeeble                 Hex            0%         N/A       100%        7


Dungeon Overview and Level Annotations

Branches:
Dungeon (3/15)

Altars:

Shops:
D:3 [


Innate Abilities, Weirdness & Mutations

You have a pair of horns on your head.
You reflexively headbutt those who attack you in melee.


Message History

Found a scroll labelled RAELAF JEANA and a coppery potion.
h - 3 scrolls labelled RAELAF JEANA (gained 1)
s - a coppery potion
Found a scroll labelled TOKOIGG DAS AGE.
b - 2 scrolls labelled TOKOIGG DAS AGE (gained 1)
You hear the rusting of a very distant drain.
There is a stone staircase leading up here.
Found a scroll labelled TOKOIGG DAS AGE.
Found a stone staircase leading up.
b - 3 scrolls labelled TOKOIGG DAS AGE (gained 1)
A ball python comes into view.
The ball python hisses angrily.
You slash the ball python!
You kill the ball python!
You see here a ball python corpse.
You hear the brisk rusting of a very distant drain.
Found a viscous silvery potion.
j - 2 viscous silvery potions (gained 1)
You hear the brisk rusting of a drain nearby.
An ogre comes into view. It is wielding a +0 giant club.
The ogre shouts!
Found a stone staircase leading down.
The ogre hits you with a +0 giant club!
You barely miss the ogre. The ogre hits you with a +0 giant club!
You slash the ogre!
The ogre is heavily wounded.
You hit the ogre but do no damage.
The ogre is heavily wounded.
The ogre hits you with a +0 giant club!
* * * LOW HITPOINT WARNING * * *
You barely miss the ogre. You headbutt the ogre.
The ogre is heavily wounded.
You block the ogre's attack.
You hit the ogre but do no damage.
The ogre is heavily wounded.
The ogre barely misses you.
You hit the ogre. You headbutt the ogre.
The ogre is severely wounded.
The ogre hits you with a +0 giant club!
You die...

#...### #.#...#
#.#...
##.#.##.##
#........##
##.#.##....
#.#.....# #.O###
#..##@..#
#.......##
#######..# #..#
#..## ###...##
#####......#
#........#....#
#.###....####..#


You could see an ogre.

Vanquished Creatures
  3 gnolls (D:2)
  4 adders
  2 dart slugs
  2 worms (D:2)
  2 bats
  4 endoplasms (D:2)
  A giant cockroach (D:3)
  2 goblins
  5 hobgoblins
  3 jackals (D:1)
  5 quokkas
  2 ball pythons (D:3)
  A frilled lizard (D:1)
  6 kobolds
  4 rats
46 creatures vanquished.

Notes
Turn   | Place    | Note
-------+----------+-------------------------------------------
     0 | D:1      | Leibowitz the Minotaur Fighter began the quest for the Orb.
     0 | D:1      | Reached XP level 1. HP: 19/19 MP: 0/0
    89 | D:1      | Reached XP level 2. HP: 27/27 MP: 1/1
   846 | D:2      | Reached XP level 3. HP: 29/33 MP: 2/2
   965 | D:2      | Reached skill level 1 in Dodging
  1200 | D:2      | Reached XP level 4. HP: 9/40 MP: 3/3
  1700 | D:3      | Found Fuogijam's Antique Armour Shoppe.
  1936 | D:3      | Noticed an ogre
  1949 | D:3      | Slain by an ogre

Illustrated notes

Levels and vault maps discovered:
D:1:      dpeg_arrival_rooms_a, layout_loops_ring
D:2:      layout_basic
D:3:      layout_basic, serial_shops, nicolae_shop_advertising_works
          [nicolae_subvault_shop_adworks], portal_sewer_entry_d

Skill      XL: |  1  2  3  4 |
---------------+-------------+-----
Fighting       | 4 |  4.4
Armour         | 4 |  4.4
Axes           | 3 4 |  4.2
Dodging        | 1 |  1.5
Shields        | |  3.8

Action                     |  1- 3 |  4- 6 || total
---------------------------+-------+-------++-------
  Melee: War axe           |    55 |    32 ||    87
         Headbutt          |     9 |     7 ||    16
 Armour: Chain mail        |    24 |    11 ||    35
         Scale mail        |     2 |       ||     2
  Dodge: Dodged            |    26 |     5 ||    31
  Block: Kite shield       |    12 |    11 ||    23
